 Dungeon Crawl Stone Soup version 0.17-a0-1830-g81820eb (webtiles) character file.

2545 kae the Carver (level 9, -2/54 HPs)
             Began as a High Elf Skald on Sept 13, 2015.
             Was an Initiate of Okawaru.
             Incinerated by a mottled dragon (6 damage)
             ... with a sticky flame
             ... on level 8 of the Dungeon.
             The game lasted 00:15:37 (10095 turns).

kae the Carver (High Elf Skald)                    Turns: 10095, Time: 00:15:37

Health: -2/54      AC:  5    Str:  9    XL:     9   Next: 30%
Magic:  13/13      EV: 11    Int: 17    God:    Okawaru [......]
Gold:   240        SH:  0    Dex: 18    Spells: 1 memorised, 11 levels left

rFire  . . .     SeeInvis +     a - +1 short sword (elec)
rCold  . . .     Clarity  .     k - +1 leather armour
rNeg   . . .     SustAt   +     (no shield)
rPois  .         Gourm    .     (no helmet)
rElec  .         Spirit   .     r - +0 cloak
rCorr  .         Warding  .     (no gloves)
rMut   .         Stasis   .     (no boots)
MR     .....                    (no amulet)
Stlth  +.........               B - ring of see invisible
                                q - ring of sustain attributes

@: liquid flames, glowing, not resistant to hostile enchantments, very
unstealthy
A: talons 1, weak 1, wild magic 1
a: Renounce Religion


You were on level 8 of the Dungeon.
You worshipped Okawaru.
Okawaru was noncommittal.
You were not hungry.

You visited 2 branches of the dungeon, and saw 9 of its levels.
You also visited: Ossuary.

You collected 375 gold pieces.
You spent 135 gold pieces at shops.

Inventory:

Hand weapons
 a - a +1 short sword of electrocution (weapon)
 b - a +3 short sword of venom
 e - a +0 falchion
 f - a +0 falchion
 u - a +0 long sword
Armour
 k - a +1 leather armour (worn)
 r - a +0 cloak (worn)
Jewellery
 q - a ring of sustain attributes (left hand)
 B - a ring of see invisible (right hand)
Magical devices
 i - a wand of frost (27)
 o - a wand of flame (0)
 A - a wand of confusion (33)
Scrolls
 g - a scroll of enchant armour
 l - 3 scrolls of magic mapping
 p - 2 scrolls of blinking
 s - a scroll of fog {unknown}
 x - a scroll of immolation
 y - a scroll of identify
Potions
 h - 3 potions of mutation
 j - 5 potions of resistance
 n - a potion of curing
 t - a potion of ambrosia
 w - a potion of haste
 z - a potion of lignification
 C - a potion of agility {unknown}
 D - a potion of flight
 E - a potion of brilliance {unknown}
 F - a potion of berserk rage
Books
 c - a book of Battle

   Spells                             Type                      Level
   a - Infusion                       Charms                       1
   b - Shroud of Golubria             Charms/Translocation         2
   c - Song of Slaying                Charms                       2
   d - Spectral Weapon                Hexes/Charms                 3
   e - Regeneration                   Charms/Necromancy            3
Comestibles
 d - 8 bread rations
 v - 5 beef jerkies


   Skills:
 - Level 2.0 Fighting
 + Level 14.4 Long Blades
 - Level 0.8 Armour
 - Level 1.1 Dodging
 - Level 2.4 Spellcasting
 - Level 3.6 Charms


You had 11 spell levels left.
You knew the following spells:

 Your Spells              Type           Power        Failure   Level  Hunger
a - Infusion              Chrm           ###...       16%         1    #......


Dungeon Overview and Level Annotations

Branches:
Dungeon (8/15)             Temple (1/1) D:7
   Lair: D:8-11

Altars:
Ashenzari
Cheibriados
Dithmenos
Elyvilon
Fedhas
Gozag
Kikubaaqudgha
Makhleb
Nemelex Xobeh
Okawaru
Qazlal
Ru
Sif Muna
Trog
Vehumet
Xom
Yredelemnul
Zin
The Shining One

Shops:
D:4 *


Innate Abilities, Weirdness & Mutations

You have sharp toenails.
You are weak. (Str -2)
Your spells are a little harder to cast, but a little more powerful.


Message History

* * * LOW HITPOINT WARNING * * *
The mottled dragon completely misses you.
Drink which item? (? for menu, Esc to quit)
You feel much better.
You are covered in liquid flames!
* * * LOW HITPOINT WARNING * * *
The mottled dragon bites you!
* * * LOW HITPOINT WARNING * * *
The mottled dragon misses you.
You hit the mottled dragon but do no damage.
There is a sudden explosion of sparks!
You kill the mottled dragon!
Okawaru accepts your kill.
You are covered in liquid flames!
* * * LOW HITPOINT WARNING * * *
Drink which item? (? for menu, Esc to quit)
Okay, then.
You start resting.
You are covered in liquid flames!
You die...

########### #..@†......
#.######### #.# #####
#.# #...# ####.#########
##...######.............
........................
.........##.#...####.##.
...(..............#


There were no monsters in sight!

Vanquished Creatures
  A hungry ghost (D:7)
  A mottled dragon (D:8)
  The ghost of asdu the Chopper, an average VSBe of Trog (D:5)
  An orc warrior (D:8)
  A necrophage (D:4)
  A black bear (D:6)
  A phantom (D:7)
  An ice beast (D:5)
  A big kobold (D:4)
  6 ogres
  A centaur (D:4)
  Blork the orc (D:4)
  3 giant frogs
  A water moccasin zombie (D:7)
  2 hounds
  2 centaur zombies (Ossuary)
  Crazy Yiuf (D:4)
  A giant frog skeleton (D:4)
  An orc priest (D:4)
  A centaur skeleton (D:6)
  Natasha (thrice) (D:2)
  2 orc wizards (D:7)
  3 worker ants (D:4)
  A killer bee zombie (D:5)
  An iguana (D:5)
  4 big kobold zombies (Ossuary)
  A hound zombie (D:8)
  4 mummies (Ossuary)
  9 adders
  A shadow imp (D:6)
  3 oozes
  An adder zombie (D:5)
  3 worms
  22 orcs
  A ball python (D:4)
  5 giant cockroaches
  7 goblins
  8 hobgoblins
  25 jackals
  14 kobolds
  2 quokkas
  11 bats
  A giant gecko (D:3)
  2 giant newts
  A goblin zombie (D:5)
  3 hobgoblin zombies (Ossuary)
  A quokka skeleton (D:7)
  A quokka zombie (D:5)
  9 rats
178 creatures vanquished.

Notes
Turn   | Place    | Note
--------------------------------------------------------------
     0 | D:1      | kae the High Elf Skald began the quest for the Orb.
     0 | D:1      | Reached XP level 1. HP: 14/14 MP: 4/4
   436 | D:1      | Reached XP level 2. HP: 19/19 MP: 6/6
   928 | D:1      | Reached skill level 4 in Long Blades
  1026 | D:2      | Reached XP level 3. HP: 24/24 MP: 7/7
  1040 | D:2      | Noticed Natasha
  1047 | D:2      | Killed Natasha
  1047 | D:2      | Reached skill level 5 in Long Blades
  1473 | D:2      | Reached XP level 4. HP: 29/29 MP: 5/8
  1548 | D:2      | Noticed Natasha
  1559 | D:2      | Killed Natasha
  1800 | D:2      | Noticed Natasha
  1807 | D:2      | Killed Natasha
  2747 | D:3      | Reached skill level 6 in Long Blades
  2750 | D:3      | Found a faded altar to an unknown god.
  3292 | D:3      | Reached XP level 5. HP: 30/34 MP: 9/9
  3586 | D:4      | Noticed a centaur
  3663 | D:4      | Gained mutation: Your spells are a little harder to cast, but a little more powerful. [potion of mutation]
  3663 | D:4      | Gained mutation: You are weak. (Str -2) [potion of mutation]
  3663 | D:4      | Gained mutation: You have sharp toenails. [potion of mutation]
  3668 | D:4      | Killed a centaur
  3668 | D:4      | Reached skill level 7 in Long Blades
  3863 | D:4      | Found Efrateq's Assorted Antiques.
  3875 | D:4      | Bought a pink potion for 20 gold pieces
  3875 | D:4      | Bought a scroll labeled TIEHET JYTOLE for 23 gold pieces
  3875 | D:4      | Bought a scroll labeled OCEECK AMOKH for 23 gold pieces
  3875 | D:4      | Bought a scroll labeled POOZUYGHUT for 23 gold pieces
  3878 | D:4      | Bought a scroll of identify for 46 gold pieces
  3893 | D:4      | Reached XP level 6. HP: 35/39 MP: 8/10
  4489 | D:4      | Reached skill level 8 in Long Blades
  4497 | D:4      | Noticed Blork the orc
  4508 | D:4      | Killed Blork the orc
  4592 | D:4      | Noticed Crazy Yiuf
  4600 | D:4      | Killed Crazy Yiuf
  4830 | D:4      | Reached skill level 9 in Long Blades
  4830 | D:4      | Reached XP level 7. HP: 31/43 MP: 11/11
  4980 | D:5      | Entered Level 5 of the Dungeon
  4980 | D:5      | Found a sacrificial altar of Ru.
  5008 | D:5      | HP: 1/43 [killer bee zombie (7)]
  5027 | D:5      | Noticed asdu's ghost (average VSBe)
  5421 | D:4      | Reached skill level 10 in Long Blades
  5546 | D:5      | Found a sand-covered staircase.
  5615 | Ossuary  | Entered an ossuary
  5866 | Ossuary  | Reached skill level 11 in Long Blades
  5982 | D:5      | Reached XP level 8. HP: 27/48 MP: 7/12
  6543 | D:5      | Reached skill level 12 in Long Blades
  7049 | D:6      | Found a glowing drain.
  7877 | D:5      | Killed asdu's ghost
  7877 | D:5      | Reached skill level 13 in Long Blades
  8118 | D:7      | Found a glowing silver altar of Zin.
  8403 | D:7      | Found a bloodstained altar of Trog.
  8476 | D:7      | Found a staircase to the Ecumenical Temple.
  8616 | Temple   | Entered the Ecumenical Temple
  8695 | Temple   | Became a worshipper of Warmaster Okawaru
  8765 | D:7      | Reached XP level 9. HP: 27/52 MP: 13/13
  9484 | D:7      | HP: 1/52 [hungry ghost (4)]
  9694 | D:8      | Reached skill level 14 in Long Blades
 10095 | D:8      | Incinerated by a mottled dragon

Vault maps used:
D:1:      erik_arrival_gehennom
D:2:      uniq_natasha
D:3:      first_bread, ecumenical_altar_2
D:4:      serial_shops, shop, uniq_blork_the_orc, uniq_crazy_yiuf_cottage
D:5:      basic_altar, enter_ossuary_4
D:6:      portal_sewer_entry_d, minivault_27
D:7:      zin_academy, lemuel_temple_firewalk_marked, basic_altar,
          grunt_ogre_cave
D:8:      minmay_misc_feat_chi, kennysheep_windowed_goal
Temple:   grunt_circular_temple_18
Ossuary:  ossuary_the_hunt_dpeg

Action                   |  1- 3 |  4- 6 |  7- 9 || total
-------------------------+-------+-------+-------++-------
Melee: Short sword       |    69 |   158 |   389 ||   616
       Falchion          |     5 |       |       ||     5
       Long sword        |       |       |    14 ||    14
 Cast: Infusion          |     1 |     5 |     1 ||     7
Evoke: Wand              |       |       |     6 ||     6
  Use: Scroll            |       |     8 |     9 ||    17
       Potion            |       |     5 |     3 ||     8
 Stab: Sleeping          |     2 |     3 |     1 ||     6
       Invisible         |       |     1 |       ||     1
       Distracted        |       |       |     1 ||     1
  Eat: Chunk             |     2 |    10 |    10 ||    22
       Meat ration       |       |       |     2 ||     2
       Pizza             |       |       |     1 ||     1
       Beef jerky        |       |       |     1 ||     1
